 Dungeon Crawl Stone Soup version 0.18-a0-1303-g41c131c (webtiles) character file.

58 realDonaldTrump the Digger (level 3, -1/26 HPs)
             Began as a Demonspawn Earth Elementalist on Feb 12, 2016.
             Killed from afar by Natasha (8 damage)
             ... with a magic dart
             ... on level 2 of the Dungeon.
             The game lasted 00:02:24 (1390 turns).

realDonaldTrump the Digger (DsEE)                   Turns: 1390, Time: 00:02:24

Health: -1/26      AC:  2    Str:  8    XL:     3   Next: 76%
Magic:  6/6        EV: 12    Int: 17    God:
Gold:   32         SH:  0    Dex: 13    Spells: 1 memorised, 5 levels left

rFire  . . .     SeeInvis .     a - +1 halberd (freeze)
rCold  . . .     Gourm    .     f - +0 robe
rNeg   . . .     Faith    .     (shield currently unavailable)
rPois  +         Spirit   .     (helmet restricted)
rElec  .         Dismiss  .     (no cloak)
rCorr  .         Reflect  .     (no gloves)
SustAt .         Harm     .     (no boots)
MR     .....                    (no amulet)
Stlth  ++........               (no ring)
                                j - ring of poison resistance

@: not resistant to hostile enchantments, unstealthy
A: horns 1
a: no special abilities


You were on level 2 of the Dungeon.
You were very hungry.

You visited 1 branch of the dungeon, and saw 2 of its levels.

You collected 32 gold pieces.

Inventory:

Hand Weapons
 a - a +1 halberd of freezing (weapon)
Missiles
 b - 35 stones (quivered)
Armour
 f - a +0 robe (worn)
Jewellery
 j - a ring of poison resistance (left hand)
Scrolls
 g - a scroll of enchant weapon {unknown}
 h - 2 scrolls of identify {unknown}
 k - 2 scrolls of remove curse {unknown}
 l - a scroll of magic mapping {unknown}
Potions
 e - 2 potions of invisibility {unknown}
 i - a potion of resistance {unknown}
Books
 c - a book of Geomancy

   Spells                             Type                      Level
   a - Sandblast                      Earth                        1
   b - Passwall                       Transmutation/Earth          2
   c - Stone Arrow                    Conjuration/Earth            3
   d - Petrify                        Transmutation/Earth          4
   e - Lee's Rapid Deconstruction     Earth                        5
Comestibles
 d - a bread ration


   Skills:
 + Level 1.3 Fighting
 + Level 2.2 Dodging
 - Level 1.7 Stealth
 + Level 2.2 Spellcasting
   Level 0.8 Transmutations
 * Level 3.5 Earth Magic


You had 5 spell levels left.
You knew the following spells:

 Your Spells              Type           Power        Failure   Level  Hunger
a - Sandblast             Erth           ##....       4%          1    #......


Dungeon Overview and Level Annotations

Branches:
Dungeon (2/15)

Altars:

Annotations:
D:2 Natasha


Innate Abilities, Weirdness & Mutations

You have a pair of small horns on your head.


Message History

Press: ? - help, Dir - move target cursor, f - hound zombie
Aim: a hound zombie (black smoke, hasn't noticed you)
You reach to attack!
You barely miss the hound zombie. The hound zombie closely misses you.
A hound zombie is nearby!
You hit the hound zombie. You headbutt the hound zombie.
The bat zombie hits you but does no damage.
The hound zombie barely misses you. The hound zombie bites you.
The bat zombie hits you but does no damage.
There are monsters nearby!
You hit Natasha. You freeze Natasha.
Natasha is moderately wounded.
The bat zombie misses you. The bat zombie hits you. x2
The hound zombie bites you. Natasha claws you!
* * * LOW HITPOINT WARNING * * *
The bat zombie completely misses you.
The hound zombie bites you but does no damage.
Natasha stares at you and mumbles some strange words.
The magic dart hits you!
You die...

#...P# #...#...... ####.#
#.......... # #.#
####...##..#.. #.# #.#
...........###. #...##.#
.####.)...<.<..
#......###.# ##...#.###.
..)......§§§.## #......
........§§§§§§####.......
........§§@Z§........#.###
........§Zh§§####....#.#
........§§§r§# P.P....#
>............# .... .P#
............r.
.........?<5.
.........##... ......#.#
....


You could see Natasha, a bat zombie, a hound zombie and a rat.

Vanquished Creatures
  A gnoll (D:1)
  An adder skeleton (D:2)
  2 worms
  A bat (D:1)
  2 giant cockroaches
  6 goblins (D:1)
  7 hobgoblins (D:1)
  A giant gecko zombie (D:2)
  9 giant newts (D:1)
  3 kobolds (D:1)
  7 rats (D:1)
40 creatures vanquished.

Notes
Turn   | Place    | Note
--------------------------------------------------------------
     0 | D:1      | realDonaldTrump the Demonspawn Earth Elementalist began the quest for the Orb.
     0 | D:1      | Reached XP level 1. HP: 13/13 MP: 3/3
   268 | D:1      | Gained mutation: You have a pair of small horns on your head. [demonic ancestry]
   268 | D:1      | Reached XP level 2. HP: 12/20 MP: 1/5
   467 | D:1      | Reached skill level 3 in Earth Magic
   554 | D:1      | Reached skill level 1 in Fighting
   690 | D:1      | Reached XP level 3. HP: 26/26 MP: 6/6
  1387 | D:2      | Noticed Natasha
  1390 | D:2      | Killed from afar by Natasha

Vault maps used:
D:1:      lightli_arrival_isolated_outpost, serial_forest,
          infiniplex_forest_clump_large, infiniplex_forest_corner_1,
          infiniplex_forest_corner_2, infiniplex_forest_clump_curved,
          infiniplex_forest_straight_4, infiniplex_forest_end_3,
          infiniplex_forest_clump_diagonal, infiniplex_forest_straight_3,
          minmay_newt_pond
D:2:      kiku_gazebo_garden_becter, first_bread, serial_undead,
          serial_undead_c, serial_undead_b, serial_undead_b, serial_undead_c,
          serial_undead_b, serial_undead_e, serial_undead_d, serial_undead_a,
          uniq_natasha

Action                   || total
-------------------------++-------
Melee: Unarmed           ||    13
       Halberd           ||    63
       Short sword       ||     4
 Cast: Sandblast         ||    31
 Stab: Sleeping          ||     1
  Eat: Chunk             ||     1
